 Dungeon Crawl Stone Soup version 0.30-a0-390-g80c34de65d (webtiles) character file.

Game seed: 9221809121807385294

517 Armakuni the Conjurer (level 7, -1/51 HPs)
             Began as a Gnoll Conjurer on Dec 4, 2022.
             Was an Initiate of Vehumet.
             Slain by a killer bee (4 damage)
             ... on level 5 of the Dungeon.
             The game lasted 00:08:31 (4247 turns).

Armakuni the Conjurer (Gnoll Conjurer)              Turns: 4247, Time: 00:08:31

Health: -1/51      AC:  4    Str:  9    XL:     7   Next: 20%
Magic:  0/15       EV: 13    Int: 17    God:    Vehumet [......]
Gold:   216        SH:  0    Dex: 10    Spells: 3/17 levels left

rFire   . . .      SeeInvis .    a - +1 flail (holy)
rCold   . . .      Faith    .    (no shield)
rNeg    . . .      Spirit   .    d - +0 robe
rPois   .          Reflect  .    (no helmet)
rElec   .          Harm     .    v - +0 cloak
rCorr   +          Rampage  .    o - +0 pair of gloves
Will    .....                    (no boots)
Stlth   +++.......               (no amulet)
HPRegen 0.28/turn                K - ring of resist corrosion
MPRegen 0.14/turn                (no ring)

@: very slightly contaminated
A: fangs 1, strong nose, distributed training
a: Renounce Religion


You were on level 5 of the Dungeon.
You worshipped Vehumet.
Vehumet was noncommittal.
You visited 1 branch of the dungeon, and saw 5 of its levels.

You collected 216 gold pieces.

Inventory:

Hand Weapons
 a - a +1 flail of holy wrath (weapon)
Armour
 d - a +0 robe (worn)
 i - the +2 ring mail of Avant Garde Knowledge {rF+ Regen+ rCorr Int-4}
   (You found it on level 2 of the Dungeon)

   Int:       It affects your intelligence (-4).
   rF:        It protects you from fire.
   Regen:     It increases your rate of health regeneration.
   rCorr:     It protects you from acid and corrosion.
 o - a +0 pair of gloves (worn)
 t - a +0 buckler
 v - a +0 cloak (worn)
 x - an orb of wrath
Jewellery
 K - a ring of resist corrosion (left hand)
Wands
 p - a wand of flame (9)
 q - a wand of paralysis (11)
Scrolls
 f - a scroll of silence
 h - a scroll of noise
 j - a scroll of poison
 k - a scroll of enchant weapon
 m - a scroll of immolation
 s - 2 scrolls of enchant armour
 y - a scroll of teleportation {unknown}
Potions
 b - a potion of magic
 c - 2 potions of might
 e - a potion of resistance {unknown}
 g - a potion of brilliance {unknown}
 l - 3 potions of haste {unknown}
 r - 4 potions of degeneration {unknown}
 u - a potion of heal wounds {unknown}
 w - a potion of invisibility {unknown}


   Skills:
 + Level 2.4 Fighting
 + Level 2.4 Short Blades
 + Level 2.4 Long Blades
 + Level 2.4 Axes
 + Level 2.4 Maces & Flails
 + Level 2.4 Polearms
 + Level 2.4 Staves
 + Level 2.4 Ranged Weapons
 + Level 2.4 Throwing
 + Level 2.4 Armour
 + Level 5.2 Dodging
 + Level 4.9 Stealth
 + Level 2.4 Shields
 + Level 2.4 Unarmed Combat
 + Level 5.6 Spellcasting
 + Level 7.4 Conjurations
 + Level 2.0 Hexes
 + Level 2.0 Summonings
 + Level 2.0 Necromancy
 + Level 2.0 Translocations
 + Level 2.0 Transmutations
 + Level 2.0 Fire Magic
 + Level 2.0 Ice Magic
 + Level 2.0 Air Magic
 + Level 2.0 Earth Magic
 + Level 2.0 Poison Magic
 + Level 2.7 Invocations
 + Level 2.4 Evocations


You had 3 spell levels left.
You knew the following spells:

 Your Spells              Type           Power      Damage    Failure   Level
a - Magic Dart            Conj           100%       1d8       1%          1
h - Hailstorm             Conj/Ice       20%        3d6       6%          3
m - Iskenderun's Mystic   Conj/Tloc      20%        2d6       19%         4
p - Fulminant Prism       Conj/Hex       10%        3d8       19%         4
z - Searing Ray           Conj           60%        2d6       1%          2

Your spell library contained the following spells:

 Spells                   Type           Power      Damage    Failure   Level
 Shock                    Conj/Air       80%        1d8       1%          1
 Dazzling Flash           Conj/Hex       40%        N/A       6%          3
 Ozocubu's Armour         Ice            11%        N/A       19%         3
 Swiftness                Air            11%        N/A       19%         3
 Airstrike                Air            5%         2d(1-17)  52%         4
 Ice Form                 Ice/Tmut       11%        N/A       52%         4
 Metabolic Englaciation   Hex/Ice        5%         N/A       86%         5
 Simulacrum               Ice/Necr       5%         N/A       100%        6
 Malign Gateway           Summ/Tloc      5%         N/A       100%        7
 Summon Horrible Things   Summ           5%         N/A       100%        8


Dungeon Overview and Level Annotations

Branches:
Dungeon (5/15)             Temple (0/1) D:5

Altars:
Trog
Uskayaw
Vehumet

Annotations:
D:5 Dowan, Duvessa


Innate Abilities, Weirdness & Mutations

You have very sharp teeth.
Your uncanny sense of smell can sniff out nearby items.
Your experience applies equally to all skills.


Message History

You resist with some effort. The killer bee stings you!
* * * LOW HITPOINT WARNING * * *
Unknown command.
The killer bee stings you.
* * * LOW HITPOINT WARNING * * *
The killer bee attacks as you move away!
The killer bee closely misses you. Dowan attacks as you move away!
Dowan hits you with a +0 dagger.
* * * LOW HITPOINT WARNING * * *
The killer bee stings you.
* * * LOW HITPOINT WARNING * * *
Casting: Hailstorm (dangerous; 6% risk of failure)
Confirm with . or Enter, or press ? or * to list all spells.
The spell is quite dangerous to miscast (19% risk of failure)!
Continue anyway?
You erupt in a blast of force!
The mystic blast hits Dowan!
Dowan is almost dead.
The mystic blast hits the killer bee.
The killer bee is heavily wounded.
The killer bee is knocked back by the mystic blast.
Dowan gestures wildly while chanting.
Dowan blinks!
Casting: Iskenderun's Mystic Blast (quite dangerous; 19% risk of failure)
Confirm with . or Enter, or press ? or * to list all spells.
The spell is quite dangerous to miscast (19% risk of failure)!
Continue anyway?
You erupt in a blast of force!
The mystic blast hits the killer bee.
The killer bee is severely wounded.
The killer bee is knocked back by the mystic blast.
Casting: Iskenderun's Mystic Blast (quite dangerous; 19% risk of failure)
Confirm with . or Enter, or press ? or * to list all spells.
The spell is quite dangerous to miscast (19% risk of failure)!
Continue anyway?
You miscast Iskenderun's Mystic Blast.
You are very lightly contaminated with residual magic.
Nothing appears to happen.
The killer bee closely misses you. The killer bee barely misses you.
Casting: Iskenderun's Mystic Blast (quite dangerous; 19% risk of failure)
Confirm with . or Enter, or press ? or * to list all spells.
The spell is quite dangerous to miscast (19% risk of failure)!
Continue anyway?
You miscast Iskenderun's Mystic Blast.
Nothing appears to happen.
The killer bee stings you.
You die...

∆ .. ######. .....#.####
.J...(.... .ee......
......!.# #....# ####.#
##### #.## #(@.######
#..######y#.##<..#
##.......e...###.#######
#..##...#.#.###.......#
#.....###.#..##.#####.#
#...###...##.#...#
#.#........#...#.# ∆ ∆
#...##..>..##....#
###..#........#..#


You could see Dowan and a killer bee.

Vanquished Creatures
  A black bear (D:4)
  An ogre (D:4)
  A necrophage (D:4)
  A scorpion (D:3)
  A hound (D:4)
  A jelly (D:5)
  An iguana (D:4)
  An orc wizard (D:4)
  2 adders
  3 ufetubi
  3 worms
  A dart slug (D:2)
  5 orcs
  8 ball pythons
  5 endoplasms
  3 giant cockroaches
  A goblin (D:1)
  7 hobgoblins
  3 jackals (D:3)
  3 kobolds
  6 quokkas
  4 bats
  A frilled lizard (D:1)
  3 rats (D:1)
66 creatures vanquished.

Vanquished Creatures (others)
  23 fungi (D:3)
23 creatures vanquished.

Grand Total: 89 creatures vanquished

Notes
Turn   | Place    | Note
-------+----------+-------------------------------------------
     0 | D:1      | Armakuni the Gnoll Conjurer began the quest for the Orb.
     0 | D:1      | Reached XP level 1. HP: 13/13 MP: 6/6
   116 | D:1      | Reached XP level 2. HP: 19/19 MP: 5/7
   399 | D:1      | Learned a level 2 spell: Searing Ray
  1096 | D:2      | Identified the +2 ring mail of Avant Garde Knowledge {rF+
                  | Regen+ rCorr Int-4}
  1129 | D:2      | Reached skill level 5 in Spellcasting
  1129 | D:2      | Reached XP level 3. HP: 25/25 MP: 4/9
  1244 | D:2      | Found a faded altar of an unknown god.
  1598 | D:2      | Reached skill level 1 in Invocations
  1823 | D:2      | Reached skill level 1 in Fighting
  1823 | D:2      | Reached skill level 1 in Short Blades
  1823 | D:2      | Reached skill level 1 in Long Blades
  1823 | D:2      | Reached skill level 1 in Axes
  1823 | D:2      | Reached skill level 1 in Maces & Flails
  1823 | D:2      | Reached skill level 1 in Polearms
  1823 | D:2      | Reached skill level 1 in Staves
  1823 | D:2      | Reached skill level 1 in Ranged Weapons
  1823 | D:2      | Reached skill level 1 in Throwing
  1823 | D:2      | Reached skill level 1 in Armour
  1823 | D:2      | Reached skill level 1 in Shields
  1823 | D:2      | Reached skill level 1 in Unarmed Combat
  1823 | D:2      | Reached skill level 1 in Evocations
  2221 | D:3      | Noticed a scorpion
  2237 | D:3      | Killed a scorpion
  2238 | D:3      | Reached skill level 1 in Hexes
  2238 | D:3      | Reached skill level 1 in Summonings
  2238 | D:3      | Reached skill level 1 in Necromancy
  2238 | D:3      | Reached skill level 1 in Translocations
  2238 | D:3      | Reached skill level 1 in Transmutations
  2238 | D:3      | Reached skill level 1 in Fire Magic
  2238 | D:3      | Reached skill level 1 in Ice Magic
  2238 | D:3      | Reached skill level 1 in Air Magic
  2238 | D:3      | Reached skill level 1 in Earth Magic
  2238 | D:3      | Reached skill level 1 in Poison Magic
  2238 | D:3      | Reached XP level 4. HP: 10/32 MP: 6/11
  2391 | D:3      | Found a bloodstained altar of Trog.
  2426 | D:3      | Reached XP level 5. HP: 37/37 MP: 1/12
  2747 | D:3      | Found a hide-covered altar of Uskayaw.
  3015 | D:4      | Found a radiant altar of Vehumet.
  3043 | D:4      | Became a worshipper of Vehumet
  3057 | D:4      | Noticed a black bear
  3069 | D:4      | Killed a black bear
  3070 | D:4      | Reached XP level 6. HP: 44/44 MP: 8/14
  3269 | D:4      | Reached skill level 5 in Dodging
  3569 | D:4      | Reached XP level 7. HP: 50/50 MP: 9/15
  3578 | D:4      | Learned a level 4 spell: Iskenderun's Mystic Blast
  3701 | D:4      | Learned a level 3 spell: Hailstorm
  3706 | D:4      | Learned a level 4 spell: Fulminant Prism
  4176 | D:5      | Entered Level 5 of the Dungeon
  4187 | D:5      | Found a staircase to the Ecumenical Temple.
  4219 | D:5      | Noticed Dowan
  4219 | D:5      | Noticed Duvessa
  4242 | D:5      | HP: 2/51 [Dowan/+0 dagger (2)]
  4247 | D:5      | Slain by a killer bee

Illustrated notes

Levels and vault maps discovered:
D:1:      saegor_arrival_simple_e, layout_basic, hangedman_decor_growths
D:2:      layout_basic, hellmonk_ecumenical_altar_run_dry
D:3:      layout_rooms, mainiacjoe_overflow_cross_hatched,
          general_overflow_altar
D:4:      layout_loops_corners, nicolae_concentric_dashed_squares_wild,
          kennysheep_small_circle
D:5:      layout_basic, minmay_temple_entry_slanted, serial_shops, shop,
          lemuel_flame_loot_1, uniq_eustachio, uniq_duvessa

Skill      XL: |  1  2  3  4  5  6  7 |
---------------+----------------------+-----
Spellcasting   | 5 |  5.6
Invocations    | 1 2 |  2.7
Fighting       | 1 2 |  2.4
Short Blades   | 1 2 |  2.4
Long Blades    | 1 2 |  2.4
Axes           | 1 2 |  2.4
Maces & Flails | 1 2 |  2.4
Polearms       | 1 2 |  2.4
Staves         | 1 2 |  2.4
Ranged Weapons | 1 2 |  2.4
Throwing       | 1 2 |  2.4
Armour         | 1 2 |  2.4
Shields        | 1 2 |  2.4
Unarmed Combat | 1 2 |  2.4
Evocations     | 1 2 |  2.4
Hexes          | 1 2 |  2.0
Summonings     | 1 2 |  2.0
Necromancy     | 1 2 |  2.0
Translocations | 1 2 |  2.0
Transmutations | 1 2 |  2.0
Fire Magic     | 1 2 |  2.0
Ice Magic      | 1 2 |  2.0
Air Magic      | 1 2 |  2.0
Earth Magic    | 1 2 |  2.0
Poison Magic   | 1 2 |  2.0
Dodging        | 5 |  5.2
Stealth        | |  4.9
Conjurations   | |  7.4

Action                   |  1- 3 |  4- 6 |  7- 9 || total
-------------------------+-------+-------+-------++-------
Melee: Flail             |     9 |    16 |       ||    25
       Bite              |     1 |     1 |       ||     2
 Cast: Magic Dart        |    17 |       |       ||    17
       Searing Ray       |    20 |    22 |     7 ||    49
       Iskenderun's Myst |       |       |     2 ||     2
       Hailstorm         |       |       |     1 ||     1
  Use: Potion            |     5 |       |     3 ||     8
       Scroll            |       |       |     6 ||     6
 Stab: Sleeping          |       |     1 |       ||     1
Armor: Robe              |     2 |     8 |     2 ||    12
Dodge: Dodged            |     9 |    24 |    27 ||    60

Table legend: (Time is in decaauts)
 A = Elapsed time spent in this place.
 B = Non-inter-level travel time spent in this place.
 C = Inter-level travel time spent in this place.
 D = Time resting spent in this place.
 E = Time spent auto-exploring this place.
 F = Levels seen in this place.
 G = Mean time per level.
                   A        B        C        D        E       F      G
               +--------+--------+--------+--------+--------+-----+--------+
         Total |   4263 |   4194 |     69 |    734 |   2729 |   5 |  852.6 |
       Dungeon |   4263 |   4194 |     69 |    734 |   2729 |   5 |  852.6 |
               +--------+--------+--------+--------+--------+-----+--------+

Top non-repeatable levels by time:
     D:4: 1228 daAuts
     D:2: 1092 daAuts
     D:1: 1053 daAuts
     D:3: 818 daAuts
     D:5: 70 daAuts
